 Dungeon Crawl Stone Soup version 0.27.1-33-g824d729ab1 (webtiles) character file.

Game seed: 10007339609110098695

147 Falscher the Chopper (level 5, -9/45 HPs)
             Began as a Hill Orc Fighter on Dec 8, 2021.
             Mangled by Crazy Yiuf (13 damage)
             ... on level 3 of the Dungeon.
             The game lasted 00:14:38 (2834 turns).

Falscher the Chopper (Hill Orc Fighter)             Turns: 2834, Time: 00:14:39

Health: -9/45      AC:  7    Str: 20    XL:     5   Next: 29%
Magic:  5/5        EV: 11    Int:  8    God:
Gold:   146        SH:  9    Dex: 10    Spells: 4/4 levels left

rFire    . . .     SeeInvis .   a - +0 war axe
rCold    . . .     Faith    .   c - +0 kite shield
rNeg     . . .     Spirit   .   b - +0 scale mail
rPois    .         Reflect  .   (no helmet)
rElec    .         Harm     .   (no cloak)
rCorr    .         Rampage  .   (no gloves)
Will     .....                  (no boots)
Stlth    ..........             (no amulet)
HPRegen  0.15/turn              p - +4 ring of evasion
MPRegen  0.09/turn              (no ring)

@: mighty
A: no striking features
a: no special abilities


You were on level 3 of the Dungeon.
You visited 1 branch of the dungeon, and saw 5 of its levels.

You collected 146 gold pieces.

Inventory:

Hand Weapons
 a - a +0 war axe (weapon)
 n - a +0 dagger of venom
Missiles
 h - 9 poisoned darts (quivered)
 j - 8 atropa-tipped darts
Armour
 b - a +0 scale mail (worn)
 c - a +0 kite shield (worn)
 l - a +0 chain mail
Jewellery
 i - a ring of fire
 m - a ring of wizardry
 p - a +4 ring of evasion (left hand)
Scrolls
 f - a scroll of identify
Potions
 d - 2 potions of might
 e - 2 potions of curing
 o - a potion of haste {unknown}


   Skills:
 - Level 3.6 Fighting
 * Level 6.0 Axes
 + Level 3.8 Armour
 + Level 0.4 Dodging
 + Level 3.9 Shields


You had 4 spell levels left.
You didn't know any spells.
Your spell library was empty.

Dungeon Overview and Level Annotations

Branches:
Dungeon (5/15)
 Temple: D:4-7

Altars:
Ashenzari

Shops:
D:1 :==*

Annotations:
D:3 Crazy Yiuf


Message History

Crazy Yiuf is lightly wounded.
Crazy Yiuf glowers.
Crazy Yiuf closely misses you.
You completely miss Crazy Yiuf.
Crazy Yiuf is lightly wounded.
Crazy Yiuf screams, "Dawk fast water!"
You block Crazy Yiuf's attack. Crazy Yiuf hits you but does no damage.
You closely miss Crazy Yiuf.
Crazy Yiuf is lightly wounded.
Crazy Yiuf hits you with a +3 quarterstaff of chaos!
Crazy Yiuf freezes you.
You hit Crazy Yiuf but do no damage.
Crazy Yiuf is lightly wounded.
Crazy Yiuf grits, "Race!
Seed mumblescurry canine."
Crazy Yiuf closely misses you.
You closely miss Crazy Yiuf.
Crazy Yiuf is lightly wounded.
Crazy Yiuf hits you with a +3 quarterstaff of chaos!
Crazy Yiuf burns you. You block Crazy Yiuf's attack.
You are too injured to fight recklessly!
You are too injured to fight recklessly!
You are too injured to fight recklessly!
You are too injured to fight recklessly!
You closely miss Crazy Yiuf.
Crazy Yiuf is lightly wounded.
Crazy Yiuf hits you with a +3 quarterstaff of chaos.
You feel very mighty all of a sudden.
You barely miss Crazy Yiuf.
Crazy Yiuf is lightly wounded.
Crazy Yiuf flaps his cloak.
You block Crazy Yiuf's attack.
Crazy Yiuf hits you with a +3 quarterstaff of chaos!
* * * LOW HITPOINT WARNING * * *
You hit Crazy Yiuf.
Crazy Yiuf is moderately wounded.
You block Crazy Yiuf's attack.
You slash Crazy Yiuf!
Crazy Yiuf is almost dead.
Crazy Yiuf hits you with a +3 quarterstaff of chaos!
You die...

### #.# ########## #.# #>#.......
###.####### #.........
#####....#..#.### ### ##........
#.....#......#..##...# #.........
###.#.....#.####@g...# #.........
###......#P## ###..)# #.........
........#### ### #.........
.##.....# #####.#### ........#
####..#### ...#....####
#......... ....#.###..##########
#.......^. ....#...............#
#.........
.....#..##..........####.........


You could see Crazy Yiuf.

Vanquished Creatures
  Jessica (D:2)
  Natasha (twice) (D:2)
  An adder (D:2)
  2 worms (D:2)
  A dart slug (D:1)
  An orc (D:3)
  4 ball pythons
  3 bats
  3 endoplasms
  3 giant cockroaches
  4 goblins
  9 hobgoblins
  A jackal (D:2)
  2 quokkas
  3 frilled lizards
  8 kobolds
  4 rats
52 creatures vanquished.

Vanquished Creatures (others)
  4 fungi (D:3)
4 creatures vanquished.

Grand Total: 56 creatures vanquished

Notes
Turn   | Place    | Note
-------+----------+-------------------------------------------
     0 | D:1      | Falscher the Hill Orc Fighter began the quest for the Orb.
     0 | D:1      | Reached XP level 1. HP: 19/19 MP: 1/1
    42 | D:1      | Reached skill level 3 in Axes
    42 | D:1      | Reached XP level 2. HP: 4/26 MP: 2/2
   351 | D:1      | Found Jofuchau's Book Emporium.
   381 | D:1      | Found a faded altar of an unknown god.
   394 | D:1      | Found Ynkarabu's Jewellery Emporium.
   606 | D:1      | Reached XP level 3. HP: 31/31 MP: 3/3
   617 | D:1      | Reached skill level 4 in Axes
   932 | D:1      | Found Qyk Esod's General Store.
   978 | D:1      | Found Ixku's Jewellery Emporium.
  1314 | D:2      | Noticed Natasha
  1322 | D:2      | Killed Natasha
  1323 | D:2      | Reached XP level 4. HP: 20/39 MP: 4/4
  1480 | D:2      | Noticed Jessica
  1488 | D:2      | Killed Jessica
  1489 | D:2      | Reached skill level 5 in Axes
  1924 | D:2      | Noticed Natasha
  1929 | D:2      | Killed Natasha
  1930 | D:2      | Reached XP level 5. HP: 37/45 MP: 5/5
  2420 | D:3      | Found a broken altar of Ashenzari.
  2623 | D:3      | You fall into a shaft and drop 2 floors!
  2623 | D:5      | Entered Level 5 of the Dungeon
  2642 | D:5      | Noticed an ice beast
  2673 | D:3      | Reached skill level 6 in Axes
  2821 | D:3      | Found a runed translucent door.
  2822 | D:3      | Noticed Crazy Yiuf
  2834 | D:3      | Mangled by Crazy Yiuf

Illustrated notes

Levels and vault maps discovered:
D:1:      scummos_arrival_forest, layout_basic, basic_ecumenical_altar,
          serial_shops, nicolae_shop_window_shopping, shop, shop_fountains, shop
D:2:      layout_loops_cross, kennysheep_generic_room_3, uniq_natasha,
          uniq_jessica
D:3:      layout_rooms, amcnicky_altar_gilded, uniq_crazy_yiuf_cottage
D:4:      cheibrodos_barr_body, layout_cave_pools, serial_glass,
          glass_columns_c, glass_columns_a, glass_columns_a, item_on_display_a,
          minmay_strange_pillars, feat_on_display, feat_on_display, uniq_ijyb,
          uniq_edmund
D:5:      kb_forest_paths, layout_basic, enter_ossuary_4

Skill      XL: |  1  2  3  4  5 |
---------------+----------------+-----
Axes           | 3 4 5 6 |  6.0
Fighting       | |  3.6
Armour         | |  3.8
Dodging        | |  0.4
Shields        | |  3.9

Action                   |  1- 3 |  4- 6 || total
-------------------------+-------+-------++-------
Melee: War axe           |    77 |    80 ||   157
  Use: Scroll            |       |     3 ||     3
Armor: Scale mail        |    30 |    28 ||    58
Dodge: Dodged            |    32 |    19 ||    51
Block: Kite shield       |    36 |    35 ||    71
